 Dungeon Crawl Stone Soup version 0.19-a0-376-gf780d9b (webtiles) character file.

51 ololoev the Magician (level 3, -2/19 HPs)
             Began as a Deep Elf Fire Elementalist on May 30, 2016.
             Slain by Menkaure (21 damage)
             ... on level 4 of the Dungeon.
             The game lasted 00:03:45 (643 turns).

ololoev the Magician (Deep Elf Fire Elementalist)    Turns: 643, Time: 00:03:46

Health: -2/19      AC:  7    Str:  5    XL:     3   Next: 58%
Magic:  9/10       EV: 13    Int: 20    God:
Gold:   20         SH:  4    Dex: 18    Spells: 3 memorised, 2 levels left

rFire  . . .     SeeInvis .     (no weapon)
rCold  . . .     Gourm    .     a - +0 robe
rNeg   . . .     Faith    .     (no shield)
rPois  .         Spirit   .     (no helmet)
rElec  .         Dismiss  .     (no cloak)
rCorr  .         Reflect  +     g - +2 pair of gloves {Dex+3}
SustAt .         Harm     .     l - +1 pair of boots
MR     .....                    j - +4 amulet of reflection
Stlth  ++........               (no ring)
                                (no ring)

@: not resistant to hostile enchantments, unstealthy
A: no striking features
a: no special abilities

Inventory:

Armour
 a - a +0 robe (worn)
 g - a +2 pair of gloves of dexterity (worn)
 i - a +0 buckler
 l - a +1 pair of boots (worn)
Jewellery
 j - a +4 amulet of reflection (around neck)
Scrolls
 e - 2 scrolls of remove curse {unknown}
 h - 4 scrolls of identify {unknown}
Potions
 d - a potion of flight {unknown}
 k - a potion of agility {unknown}
Books
 b - a book of Flames

   Spells                             Type                      Level
   a - Flame Tongue                   Conjuration/Fire             1
   b - Throw Flame                    Conjuration/Fire             2
   c - Conjure Flame                  Conjuration/Fire             3
   d - Inner Flame                    Hexes/Fire                   3
   e - Sticky Flame                   Conjuration/Fire             4
   f - Fireball                       Conjuration/Fire             5
Comestibles
 c - 2 bread rations
 f - 2 fruits
 m - a slice of pizza
 n - a beef jerky


   Skills:
 - Level 2.4 Dodging
 - Level 2.4 Stealth
 + Level 3.7 Spellcasting
 * Level 2.9 Conjurations
 + Level 3.7 Fire Magic


You had 2 spell levels left.
You knew the following spells:

 Your Spells              Type           Power        Failure   Level  Hunger
a - Flame Tongue          Conj/Fire      ###..        3%          1    None
b - Conjure Flame         Conj/Fire      ###.....     12%         3    ###....
e - Inner Flame           Hex/Fire       ##......     21%         3    ###....


You were on level 4 of the Dungeon.
You were not hungry.

You visited 1 branch of the dungeon, and saw 4 of its levels.

You collected 20 gold pieces.

# #.###.####..#
# #.###.......#
#.#.........#
#.#.#########
#.#.# #.#.# #
#.#.#
.##..#?#.#.###.
.......@M......#
.##.####J#>#####
...... .##.###
.. .# .. # ...

Notes
Turn   | Place    | Note
--------------------------------------------------------------
     0 | D:1      | ololoev the Deep Elf Fire Elementalist began the quest for the Orb.
     0 | D:1      | Reached XP level 1. HP: 10/10 MP: 6/6
   235 | D:2      | Reached XP level 2. HP: 15/15 MP: 6/8
   304 | D:2      | Noticed Jessica
   309 | D:2      | Killed Jessica
   309 | D:2      | Reached XP level 3. HP: 19/19 MP: 7/10
   314 | D:2      | Learned a level 3 spell: Conjure Flame
   318 | D:2      | Learned a level 3 spell: Inner Flame
   428 | D:4      | Found Demept's Antique Weapon Boutique.
   612 | D:3      | Found a bloodstained altar of Trog.
   612 | D:3      | Found a shadowy altar of Dithmenos.
   612 | D:3      | Found an iron altar of Okawaru.
   612 | D:3      | Found a stormy altar of Qazlal.
   641 | D:4      | Noticed Menkaure
   643 | D:4      | Slain by Menkaure

Dungeon Overview and Level Annotations

Branches:
Dungeon (4/15)
 Temple: D:4-7

Altars:
Dithmenos
Okawaru
Qazlal
Trog

Shops:
D:4 (

Annotations:
D:4 Menkaure


Message History

Casting: Flame Tongue
Confirm with . or Enter, or press ? or * to list all spells.
Aiming: Flame Tongue
Press: ? - help, Shift-Dir - straight line, f/p - adder
Aim: an adder (moderately wounded)
The flame tongue misses the adder.
The adder closely misses you.
Casting: Flame Tongue
Confirm with . or Enter, or press ? or * to list all spells.
Aiming: Flame Tongue
Press: ? - help, Shift-Dir - straight line, f/p - adder
Aim: an adder (moderately wounded)
The flame tongue hits the adder.
The adder is severely wounded.
You block the adder's attack. The adder misses you.
Casting: Flame Tongue
Confirm with . or Enter, or press ? or * to list all spells.
Aiming: Flame Tongue
Press: ? - help, Shift-Dir - straight line, f/p - adder
Aim: an adder (severely wounded)
The flame tongue hits the adder.
You kill the adder!
You now have 9 gold pieces (gained 3).
As you open the door, it creaks loudly!
Found a leather armour.
There is an open door here.
Found a war axe.
You open the door.
There is an open door here.
Found a stone staircase leading up.
You see here a war axe.
There is a stone staircase leading up here.
You climb upwards.
A worm comes into view.
Found a scroll labeled DOBINN JAIRHE.
There is a stone staircase leading down here.
You climb downwards.
There is a stone staircase leading up here.
You see here a war axe.
You open the door.
There is an open door here.
You open the door.
Found a pair of glowing boots.
There is an open door here.
You see here a pair of glowing boots.
You can't go up here!
l - a pair of glowing boots Wear which item? (? for menu, Esc to quit)
You start putting on your armour.
You continue putting on your pair of glowing boots. x4
You finish putting on your +1 pair of boots.
You open the door.
There is an open door here.
Found 2 scrolls labeled ULUAGIRGH PEUZ.
h - 4 scrolls labeled ULUAGIRGH PEUZ (gained 2)
Found a slice of pizza.
Found 5 gold pieces.
Found a stone staircase leading up.
Found 6 gold pieces.
m - a slice of pizza You now have 14 gold pieces (gained 5).
You now have 20 gold pieces (gained 6).
There is a stone staircase leading up here.
You climb upwards.
Found a beef jerky.
Found four altars.
There is a stone staircase leading down here.
n - a beef jerky
There is a stone staircase leading down here.
You climb downwards.
There is a stone staircase leading up here.
Found a stone staircase leading down.
Menkaure, Prince of Dust comes into view.
Menkaure shouts!
Found a scroll labeled FEFOIFF UPHUSM.
Casting: Flame Tongue
Confirm with . or Enter, or press ? or * to list all spells.
Aiming: Flame Tongue
Press: ? - help, Shift-Dir - straight line, f - Menkaure
Aim: Menkaure The flame tongue hits Menkaure.
Menkaure appears unharmed.
Menkaure hits you!!
Ouch! That really hurt!
You die...

You could see Menkaure and an ooze.

Vanquished Creatures
  Jessica (D:2)
  An adder (D:4)
  An orc (D:4)
  A hobgoblin (D:2)
  2 kobolds
  4 bats
  A giant newt (D:2)
  2 goblins (D:3)
  5 rats
18 creatures vanquished.

Action                   || total
-------------------------++-------
Melee: Unarmed           ||     1
 Cast: Flame Tongue      ||    33
Armor: Robe              ||     5
Dodge: Dodged            ||    13
Block: Other             ||     2

Vault maps used:
D:1:      eino_arrival_druids_welcome
D:2:      uniq_natasha, uniq_jessica
D:3:      lemuel_coloured_pillars_altar, nicolae_overflow_hidden_temple,
          first_bread, uniq_crazy_yiuf_cottage
D:4:      serial_shops, shop, uniq_menkaure, uniq_grinder
